Map: Lost and Found LE

Players

Gemini

  • Race: Protoss Protoss
  • Spawn Location: 1:00

PandaBearMe - Winner!

  • Race: Zerg Zerg
  • Spawn Location: 7:00

Event: WCS Austin 2018

VOD

Have the link to the VOD?

Description

Time

  • Played on: June 1, 2018, 3:15 p.m.
  • Length: 19:26

All games in this series

Show
View Real Time Build Order
Export as new Build Order

Gemini Protoss 

Build Orders: 1 Gate Expand, Oracle Opening, Phoenix Opening, Carriers, Zealot Archon, Archon Drop 

Get SALT Encoding   

  12  0:00  Probe  
  13  0:12  Probe  
  14  0:18  Pylon  
  14  0:24  Probe  
  15  0:32  Probe  
  15  0:39  Gateway  
  15  0:40  Probe  
  16  0:47  Assimilator  
  17  0:51  Probe  
  18  1:03  Probe  
  19  1:21  Nexus  
  19  1:23  Probe  
  20  1:34  Cybernetics Core  
  20  1:37  Probe  
  21  1:45  Assimilator  
  21  1:49  Probe  
  21  1:53  Pylon  
  22  2:02  Adept  
  22  2:06  Probe  
  25  2:17  Probe  
  25  2:22  Stargate  
  26  2:25  Probe  
  27  2:30  Probe  
  27  2:35  Probe  
  27  2:36  Adept  
  29  2:38  Probe  
  31  2:47  Warp Gate  
  31  2:48  Probe x2  
  33  2:59  Phoenix  
  33  3:00  Probe x2  
  35  3:10  Pylon  
  35  3:12  Probe x2  
  39  3:24  Probe x2  
  41  3:33  Oracle  
  44  3:35  Gateway  
  44  3:36  Probe  
  44  3:38  Assimilator  
  44  3:39  Probe  
  46  3:41  Assimilator  
  46  3:46  Pylon  
  46  3:48  Probe  
  46  3:53  Twilight Council, Probe  
  48  4:00  Probe  
  49  4:04  Robotics Facility  
  49  4:05  Probe  
  50  4:13  Probe  
  52  4:17  Probe  
  52  4:25  Gateway, Probe  
  52  4:27  Gateway  
  52  4:28  Pylon  
  52  4:30  Charge  
  53  4:32  Probe  
  54  4:40  Warp Prism  
  54  4:42  Templar Archives  
  54  4:44  Probe  
  57  4:54  Pylon  
  57  4:57  Zealot  
  59  5:00  Zealot  
  61  5:15  Nexus  
  61  5:17  Pylon  
  61  5:19  Probe x2  
  63  5:25  Forge  
  63  5:30  Pylon  
  63  5:34  Pylon  
  63  5:36  Psionic Storm, High Templar x2  
  63  5:37  High Templar x2  
  63  5:41  Archon x2  
  63  5:42  Probe x2  
  73  5:45  Observer  
  74  5:54  Probe  
  74  5:56  Shield Battery  
  75  5:58  Gateway x2  
  75  6:02  Oracle  
  75  6:12  Assimilator  
  75  6:14  Immortal  
  75  6:17  Assimilator, Probe  
  75  6:18  Probe  
  81  6:19  Pylon  
  81  6:30  Probe x2  
  83  6:40  High Templar x2  
  83  6:41  Zealot x2  
  83  6:42  Probe  
  83  6:43  Probe  
  93  6:54  Protoss Ground Weapons Level 1, Probe  
  92  6:55  Probe  
  92  7:01  Gateway  
  93  7:05  Gateway x2, High Templar  
  93  7:06  Photon Cannon  
  93  7:07  Photon Cannon  
  95  7:09  Pylon  
  95  7:17  Immortal  
  95  7:19  High Templar  
  95  7:20  Zealot x4  
  107  7:44  Zealot  
  107  7:45  Zealot x2  
  107  7:50  Probe x2  
  115  7:51  Probe  
  115  7:54  Zealot x3  
  122  8:00  Gateway  
  122  8:02  Probe  
  122  8:03  Probe x2  
  122  8:04  Pylon  
  117  8:08  Zealot x2  
  119  8:13  Archon x2  
  119  8:14  Probe  
  119  8:15  Probe x2  
  119  8:18  Zealot x4  
  124  8:26  Probe  
  122  8:27  Probe  
  122  8:33  High Templar, Warp Prism  
  126  8:35  High Templar  
  126  8:39  Probe  
  126  8:40  Robotics Facility  
  129  8:43  Pylon  
  124  8:48  Nexus  
  124  8:49  High Templar x2  
  124  8:50  High Templar, Pylon  
  124  8:55  Probe  
  131  8:56  Probe  
  131  9:00  Pylon  
  132  9:04  Zealot x4  
  140  9:13  Pylon  
  140  9:14  Photon Cannon  
  139  9:25  Warp Prism  
  139  9:27  Probe x3  
  139  9:28  Immortal  
  142  9:34  Photon Cannon  
  142  9:35  Photon Cannon  
  141  9:41  Stargate  
  141  9:42  Probe x3  
  141  9:44  Fleet Beacon  
  144  9:49  Photon Cannon  
  144  9:57  High Templar x2  
  148  10:00  High Templar x3  
  148  10:01  Zealot, High Templar  
  148  10:02  Zealot x3  
  148  10:05  Archon x2  
  148  10:06  Assimilator  
  164  10:10  Assimilator  
  164  10:11  Archon  
  144  10:27  Zealot x4  
  150  10:29  Probe x2  
  150  10:30  Probe  
  153  10:37  Carrier x2  
  165  10:51  Mothership  
  165  10:53  Pylon x2  
  165  10:55  Pylon  
  165  10:59  Protoss Ground Weapons Level 2  
  165  11:08  Pylon x2  
  165  11:09  Graviton Catapult  
  165  11:11  Pylon  
  169  11:12  Warp Prism  
  169  11:13  Forge, Warp Prism  
  163  11:34  High Templar x2  
  163  11:36  Photon Cannon  
  163  11:38  Photon Cannon  
  163  11:39  Photon Cannon  
  165  11:44  Archon  
  153  11:48  High Templar  
  153  11:51  High Templar  
  153  11:52  Zealot x5  
  162  12:04  Nexus  
  162  12:05  Pylon  
  162  12:07  Archon  
  162  12:18  Oracle  
  165  12:23  Zealot x6  
  177  12:34  High Templar  
  177  12:35  Nexus  
  178  12:37  Pylon  
  171  12:46  Carrier  
  163  12:58  Zealot x6  
  173  12:59  Nexus  
  173  13:00  Carrier, Pylon  
  181  13:09  Protoss Ground Armor Level 1  
  187  13:31  Zealot  
  170  13:43  Zealot x6  
  165  13:58  Zealot  
  153  14:10  High Templar x3  
  153  14:11  High Templar x3  
  153  14:14  Carrier  
  153  14:15  Carrier  
  163  14:20  Archon x3, Assimilator  
  149  14:24  Zealot, Assimilator  
  149  14:26  Immortal  
  163  14:47  Probe  
  163  14:48  Probe x3  
  166  14:57  Zealot x5  
  166  14:58  Observer  
  178  15:00  Probe  
  178  15:01  Observer  
  179  15:09  Zealot x2  
  183  15:22  Carrier, Probe x3  
  186  15:32  Photon Cannon  
  186  15:34  Photon Cannon x2  
  186  15:35  Pylon  
  186  15:41  Oracle  
  177  15:57  Observer  
  172  16:04  Observer  
  155  16:28  Zealot x7  
  155  16:31  Zealot x2  
  155  16:32  Zealot x3, Protoss Ground Armor Level 2, Protoss Ground Weapons Level 3  
  165  16:37  Photon Cannon  
  155  17:05  Cybernetics Core  
  155  17:07  Oracle x2  
  161  17:25  Zealot x2  
  163  17:35  Photon Cannon  
  59  19:21  High Templar x2  
  59  19:22  High Templar  
Show
View Real Time Build Order
Export as new Build Order

PandaBearMe Zerg - Winner!

Build Orders: Hatch First, Lurkers 

Get SALT Encoding   

  12  0:01  Drone  
  13  0:12  Overlord  
  13  0:17  Drone  
  14  0:31  Drone x2  
  16  0:48  Hatchery  
  15  0:50  Drone  
  15  0:54  Drone  
  17  0:57  Drone  
  17  1:01  Extractor  
  17  1:14  Spawning Pool  
  17  1:17  Drone  
  17  1:20  Drone  
  18  1:29  Drone  
  19  1:39  Drone  
  20  1:49  Overlord  
  20  2:01  Queen x2  
  20  2:02  Zergling x2  
  20  2:04  Zergling x2  
  26  2:09  Metabolic Boost  
  26  2:15  Drone  
  27  2:19  Drone  
  28  2:23  Drone  
  28  2:24  Drone  
  30  2:41  Hatchery  
  29  2:45  Drone x2  
  29  2:46  Drone  
  32  2:54  Overlord  
  32  2:57  Drone x2  
  34  3:06  Queen  
  36  3:13  Drone x4  
  36  3:19  Overlord  
  40  3:24  Drone x2  
  40  3:25  Drone  
  43  3:34  Lair  
  43  3:39  Drone x2  
  43  3:41  Drone  
  46  3:42  Spore Crawler  
  46  3:45  Queen  
  46  3:48  Extractor  
  46  3:49  Overlord  
  46  3:50  Overlord  
  46  3:54  Drone  
  47  3:59  Drone x2  
  47  4:01  Drone  
  50  4:03  Pneumatized Carapace  
  50  4:09  Overlord  
  50  4:10  Drone x3  
  50  4:15  Overlord  
  50  4:16  Drone  
  54  4:17  Spore Crawler  
  54  4:20  Zergling x4  
  54  4:26  Queen  
  54  4:28  Zergling x4  
  54  4:30  Zergling x2  
  60  4:31  Zergling x2  
  60  4:34  Zergling x2  
  60  4:36  Zergling x4  
  63  4:39  Zergling x2  
  63  4:40  Zergling x2  
  65  4:52  Spore Crawler, Overlord  
  64  4:53  Drone  
  64  4:56  Hydralisk Den  
  64  5:08  Overlord, Drone  
  64  5:09  Drone x6  
  64  5:13  Queen x2  
  74  5:27  Overlord, Drone x3  
  74  5:28  Drone x6  
  83  5:30  Drone  
  83  5:34  Muscular Augments  
  84  5:36  Overlord  
  84  5:37  Drone  
  84  5:39  Extractor  
  84  5:40  Extractor  
  82  5:50  Overlord  
  82  5:55  Drone x3  
  85  6:00  Evolution Chamber  
  84  6:05  Hydralisk x5  
  84  6:09  Hydralisk  
  96  6:15  Hydralisk  
  96  6:16  Hydralisk  
  100  6:24  Hatchery, Hydralisk x5  
  107  6:32  Overlord  
  105  6:39  Overlord, Hydralisk  
  104  6:40  Hydralisk x2  
  110  6:47  Hydralisk  
  112  6:55  Hydralisk  
  112  6:58  Hydralisk  
  112  6:59  Zergling x2  
  112  7:00  Zergling x2  
  112  7:01  Zergling x12  
  124  7:03  Extractor  
  124  7:06  Zergling x2  
  124  7:08  Grooved Spines  
  124  7:09  Zergling x2  
  124  7:11  Zergling x2  
  126  7:17  Zergling x4  
  126  7:21  Zergling x2  
  129  7:23  Zerg Missile Weapons Level 1  
  129  7:25  Queen  
  131  7:37  Hatchery  
  131  7:39  Zergling x12  
  131  7:43  Overlord  
  136  7:48  Overlord  
  136  7:58  Hydralisk x4  
  136  8:00  Overlord  
  131  8:10  Hydralisk x8  
  116  8:22  Hydralisk x4  
  116  8:25  Hydralisk x2  
  112  8:33  Zergling x8  
  114  8:37  Hydralisk  
  114  8:38  Hydralisk x2  
  114  8:40  Drone  
  121  8:43  Hydralisk  
  123  8:52  Drone x10  
  123  8:54  Drone  
  134  8:56  Drone x2  
  136  9:12  Lurker Den  
  136  9:14  Roach Warren  
  136  9:16  Hydralisk x6  
  136  9:17  Zergling x2  
  146  9:21  Zergling x2  
  145  9:25  Zerg Missile Weapons Level 2  
  145  9:26  Drone  
  145  9:27  Drone x4  
  145  9:30  Drone x2  
  153  9:31  Drone x2  
  153  9:35  Drone x2  
  156  9:38  Drone  
  156  9:40  Overlord, Drone  
  156  9:41  Drone x3  
  160  9:47  Hydralisk  
  160  9:49  Zergling x6  
  160  9:50  Overlord  
  160  9:51  Overlord  
  165  9:55  Overlord  
  165  9:58  Glial Reconstitution  
  165  10:01  Extractor  
  165  10:02  Infestation Pit, Drone x4, Extractor  
  159  10:15  Hydralisk  
  159  10:16  Zergling x22  
  162  10:23  Zergling x4  
  158  10:29  Zergling x20  
  158  10:32  Spine Crawler  
  158  10:33  Spine Crawler  
  162  10:36  Spine Crawler  
  162  10:37  Spine Crawler  
  162  10:39  Hive  
  162  10:41  Lurker  
  162  10:43  Lurker x5  
  162  10:48  Zergling x2  
  162  10:49  Zergling x6  
  170  10:50  Zergling x6  
  170  10:53  Drone x2  
  170  10:56  Spore Crawler  
  174  10:57  Spore Crawler  
  174  10:58  Lurker x2  
  174  11:00  Zergling x2  
  174  11:01  Zergling x12  
  174  11:03  Queen  
  184  11:05  Hatchery  
  183  11:18  Hydralisk  
  183  11:21  Hydralisk  
  183  11:22  Hydralisk  
  183  11:23  Zergling x2  
  188  11:31  Overlord x2  
  170  11:57  Hydralisk x10  
  170  11:58  Hydralisk  
  170  11:59  Hydralisk x3  
  170  12:00  Zergling x2  
  170  12:01  Adaptive Talons  
  199  12:02  Zerg Missile Weapons Level 3  
  199  12:03  Hydralisk  
  199  12:06  Hydralisk  
  186  12:15  Hydralisk  
  186  12:16  Hydralisk x4  
  186  12:18  Queen  
  197  12:24  Zergling x4  
  197  12:25  Extractor  
  188  12:52  Zergling x2  
  188  12:53  Zergling x20  
  188  12:57  Adrenal Glands  
  199  13:02  Spire  
  199  13:03  Extractor x2  
  196  13:08  Lurker x2  
  196  13:09  Lurker  
  199  13:29  Overseer x2  
  134  13:42  Hydralisk  
  98  13:49  Hydralisk x3, Zergling x2  
  98  13:51  Hydralisk x7  
  98  13:55  Drone x13  
  127  14:01  Hydralisk  
  127  14:02  Hydralisk x9  
  138  14:04  Zergling x4  
  138  14:09  Extractor  
  132  14:14  Extractor  
  120  14:21  Hydralisk x4  
  120  14:22  Hydralisk x4  
  132  14:25  Hydralisk  
  132  14:27  Hatchery  
  131  14:34  Drone x13  
  144  14:43  Drone  
  144  14:44  Drone x5  
  150  14:47  Lurker x4  
  153  15:01  Drone  
  153  15:02  Drone x4  
  158  15:12  Hydralisk x7  
  172  15:19  Zergling x10  
  177  15:23  Hydralisk  
  179  15:31  Hydralisk x4  
  181  15:47  Hydralisk  
  161  16:01  Hydralisk x10  
  161  16:02  Zergling x2  
  154  16:05  Drone x2  
  154  16:06  Drone  
  157  16:12  Hydralisk x2  
  157  16:13  Zergling x2  
  162  16:32  Hydralisk x4  
  156  16:33  Hydralisk x4  
  156  16:34  Overseer  
  156  16:35  Overseer  
  150  16:50  Drone x4  
  150  16:52  Drone x2  
  150  16:54  Hydralisk x7  
  153  16:57  Lurker x3  
  153  16:58  Lurker x2  
  153  16:59  Lurker  
  173  17:06  Hydralisk x4  
  181  17:14  Hydralisk x4  
  189  17:18  Overseer x2  
  189  17:28  Hydralisk x3  
  186  17:50  Hydralisk  
  186  17:51  Hydralisk x2  
  159  17:52  Overseer x4  
  159  17:56  Hydralisk x5  
  156  18:00  Hydralisk x8  
  156  18:01  Zergling x8  
  156  18:04  Hydralisk x3  
  164  18:11  Zergling x4  
  164  18:14  Queen  
  164  18:16  Queen x2  
  164  18:17  Queen  
  163  18:21  Queen  
  163  18:24  Hydralisk x2  
  164  18:32  Hydralisk x3  
  147  18:38  Hydralisk x4  
  147  18:41  Hydralisk  
  136  18:49  Hydralisk x8  
  136  18:59  Hydralisk x2  
Tags
 
Add a new tag
Caveats
  • Supply blocks, unpowered buildings, or Contaminate may cause inaccurate times.
  • Supply counts are checked every 10 seconds.